 Dungeon Crawl Stone Soup version 0.20.0-15-g7f486f2 (webtiles) character file.

128072 kolansburg the Severer (level 16, -2/159 HPs)
             Began as a Deep Dwarf Fighter on June 26, 2017.
             Was the Champion of Makhleb.
             Killed from afar by a shock serpent (20 damage)
             ... with a bolt of electricity
             ... on level 2 of the Snake Pit.
             The game lasted 02:30:57 (24271 turns).

kolansburg the Severer (Deep Dwarf Fighter)        Turns: 24271, Time: 02:30:58

Health: -2/159     AC: 24    Str: 34    XL:     16   Next: 47%
Magic:  5/5        EV: 10    Int:  9    God:    Makhleb [******]
Gold:   1986       SH: 15    Dex: 12    Spells: 15/15 levels left

rFire    + . .     SeeInvis .   K - +0 war axe (flame)
rCold    + + .     Gourm    .   s - +0 shield {reflect}
rNeg     + . .     Faith    .   Q - +4 scale mail {rC+}
rPois    +         Spirit   .   C - +1 helmet
rElec    .         Reflect  +   M - scarf {rC+ rF+}
rCorr    .         Harm     .   k - +2 pair of gloves {Str+3}
MR       ++...                  P - +2 pair of boots {Stlth+}
Stlth    +.........             I - amulet of rage
Regen    0.0/turn               L - ring of poison resistance
MPRegen  0.1/turn               a - +4 ring of strength

@: non-regenerating
A: damage resistance, heal wounds, negative energy resistance 1, sense
surroundings 2, no regeneration
a: Heal Wounds, Minor Destruction, Lesser Servant of Makhleb, Major Destruction,
Greater Servant of Makhleb, Renounce Religion, Evoke Berserk Rage


You were on level 2 of the Snake Pit.
You worshipped Makhleb.
Makhleb was exalted by your worship.
You were not hungry.

You visited 5 branches of the dungeon, and saw 26 of its levels.
You also visited: Labyrinth.

You collected 2710 gold pieces.
You spent 724 gold pieces at shops.

Inventory:

Hand Weapons
 b - the +3 spear "Beast's Foe" {protect, *Corrode rElec rPois Str-4}
   (You found it on level 1 of the Snake Pit)

   It protects the one who uses it against injury (+AC on strike).
   It affects your strength (-4).
   It insulates you from electricity.
   It protects you from poison.
   It may corrode you when you take damage.
 y - the +1 battleaxe of Coghiann {chop, *Rage rElec Str+4 SInv}
   (You bought it in a shop on level 5 of the Dungeon)

   It inflicts extra damage upon your enemies.
   It affects your strength (+4).
   It insulates you from electricity.
   It lets you see invisible.
   It may make you go berserk in combat.
 K - a +0 war axe of flaming (weapon)
Armour
 k - a +2 pair of gloves of strength (worn)
 s - a +0 shield of reflection (worn)
 C - a +1 helmet (worn)
 M - a scarf of resistance (worn)
 P - a +2 pair of boots of stealth (worn)
 Q - a +4 scale mail of cold resistance (worn)
Jewellery
 a - a +4 ring of strength (right hand)
 v - an uncursed ring of protection from magic
 F - a +4 ring of dexterity
 I - an amulet of rage (around neck)
 L - a ring of poison resistance (left hand)
Wands
 B - a wand of lightning (9/15)
Scrolls
 d - 3 scrolls of fog
 j - 4 scrolls of fear
 l - 5 scrolls of teleportation
 r - 2 scrolls of recharging
 x - 7 scrolls of remove curse
 A - a scroll of magic mapping
 D - 3 scrolls of enchant armour
 G - 2 scrolls of amnesia
 H - a scroll of brand weapon
 T - a scroll of summoning {unknown}
Potions
 e - a potion of magic
 g - a potion of agility
 n - 6 potions of brilliance
 o - a potion of berserk rage
 q - a potion of resistance
 t - 4 potions of flight
 w - 2 potions of invisibility
 N - 2 potions of lignification
 O - 6 potions of curing
Miscellaneous
 p - a lightning rod (3/4)
 S - a lightning rod (3/4)
Comestibles
 c - 7 chunks of flesh
 f - 19 bread rations
 h - 12 royal jellies
 i - 11 meat rations
 E - 20 fruits


   Skills:
 + Level 14.0 Fighting
 + Level 16.1 Axes
 + Level 16.1 Armour
 + Level 16.1 Shields


You had 15 spell levels left.
You didn't know any spells.

Dungeon Overview and Level Annotations

Branches:
Dungeon (15/15)            Temple (1/1) D:5            Lair (6/6) D:10
  Swamp (0/4) Lair:4        Snake (2/4) Lair:3        Slime (0/5) Lair:5
    Orc (2/2) D:9             Elf (0/3) Orc:2        Vaults (0/5) D:13
 Depths (0/5) D:15

Altars:
Ashenzari
Cheibriados
Dithmenos
Elyvilon
Fedhas
Gozag
Hepliaklqana
Kikubaaqudgha
Makhleb
Nemelex Xobeh
Okawaru
Qazlal
Ru
Sif Muna
Trog
Uskayaw
Vehumet
Xom
Yredelemnul
Zin
The Shining One
Beogh

Shops:
D:5 (   Orc:2 **%*

Portals:
Trove: D:12 (give 7 potions of agility)

Annotations:
D:3 1 runed door
D:9 1 runed door
D:10 exclusion: orange crystal statue
Lair:5 exclusion: 2 oklob plants
Lair:6 1 exclusion
Snake:2 Nikola


Innate Abilities, Weirdness & Mutations

You are resistant to damage.
You can heal yourself by infusing magical energy.
You resist negative energy. (rN+)
You passively map the area around you.
You do not regenerate.


Message History

* * * LOW HITPOINT WARNING * * *
The shock serpent shocks you!
* * * LOW HITPOINT WARNING * * *
You slash the shock serpent! You burn the shock serpent.
The shock serpent is almost dead.
The shock serpent's electric aura discharges, shocking you!
The shock serpent bites you.
* * * LOW HITPOINT WARNING * * *
The shock serpent shocks you!
* * * LOW HITPOINT WARNING * * *
Your magical essence is drained by the effort!
You feel much better. The shock serpent bites you!
* * * LOW HITPOINT WARNING * * *
The shock serpent shocks you!
* * * LOW HITPOINT WARNING * * *
You closely miss the shock serpent.
The shock serpent is almost dead.
The shock serpent shoots out a bolt of lightning at you!
The bolt of electricity hits you!
You die...

..............#... , ,
#...#.............. ,, ,
#.................. , ,, ......
#......(<......#.#### , .....
#................... , , , .....
#...#..............# * ....
#...##...........#.# ....
#...##...........S.#########*#...
#...#...........@....>...S.# #...
#...#.........._.....:...@S###...
#..................#######.......
#...#..[...........# #†......
#...##........###### #.......
#######......## ######## ########


You could see a shock serpent.

Vanquished Creatures
  Rupert (Snake:1)
  Donald (Snake:1)
  4 dire elephants (Lair:6)
  An ettin (D:14)
  A minotaur (Lab)
  A fire dragon (D:15)
  A yaktaur captain (D:14)
  An ice dragon (D:15)
  Fannar (D:12)
  6 naga warriors
  3 vault guards (D:13)
  A catoblepas (D:15)
  8 hydras
  A centaur warrior (D:15)
  9 two-headed ogres
  7 anacondas
  18 death yaks
  3 tengu warriors
  2 ogre magi (Orc:2)
  A shock serpent (Snake:1)
  2 naga sharpshooters (Snake:1)
  A fire crab (Lair:6)
  4 unseen horrors
  A wizard (D:13)
  A naga ritualist (Snake:2)
  A lindwurm (Lair:2)
  2 deep trolls (Orc:2)
  A harpy (shapeshifter) (D:14)
  A wolf spider zombie (D:15)
  3 orc knights
  5 mana vipers
  A wolf spider (D:14)
  4 necromancers (D:13)
  2 orc sorcerers (Orc:1)
  2 manticores
  5 deep elf magi
  4 salamanders
  9 ugly things
  4 cyclopes
  Maurice (D:10)
  10 elephants
  A guardian serpent (Snake:1)
  7 naga magi
  A torpor snail (Lair:6)
  2 centaur skeletons (D:14)
  13 black mambas
  13 spiny frogs
  2 rime drakes
  8 komodo dragons
  3 tengu conjurers
  14 trolls
  2 hornets
  Grinder (D:5)
  11 blink frogs
  6 slime creatures
  15 hippogriffs
  A harpy skeleton (D:15)
  35 yaks
  2 shadows
  A wyvern (Lair:4)
  A spriggan (Lair:1)
  Eustachio (D:6)
  2 wraiths
  4 hogs (D:8)
  4 basilisks
  A hungry ghost (D:15)
  18 humans
  2 soldier ants
  2 acid dragons (D:15)
  3 wargs
  7 nagas
  11 water moccasins
  6 porcupines
  18 orc warriors
  3 ice beasts
  3 sky beasts
  A phantom (D:10)
  3 black bears
  An eye of draining (shapeshifter) (D:15)
  23 ogres
  8 centaurs
  A necrophage (D:10)
  3 eyes of draining
  17 crocodiles
  10 wolves
  7 big kobolds
  19 bullfrogs
  A wyvern zombie (D:11)
  A hornet simulacrum (D:15)
  28 killer bees
  6 scorpions
  9 wights
  4 electric eels (D:6)
  8 howler monkeys
  5 centaur zombies
  5 crimson imps
  A quasit (D:14)
  3 jellies
  10 hounds
  13 orc priests
  3 bullfrog skeletons
  16 orc wizards
  Ijyb (D:5)
  Terence (D:2)
  7 iguanas
  3 hell rats (Lair:4)
  11 worker ants
  A killer bee zombie (D:8)
  2 hound skeletons
  A worker ant zombie (D:11)
  Robin (D:3)
  3 gnolls (D:5)
  15 adders
  7 river rats (Lair:4)
  4 shadow imps
  An ooze (D:4)
  2 adder skeletons
  A worm (D:4)
  5 dart slugs
  6 leopard geckos
  47 orcs
  2 ball pythons (D:2)
  3 giant cockroaches
  8 hobgoblins
  12 jackals
  2 quokkas
  5 bats
  2 frilled lizards
  16 goblins
  35 kobolds
  2 leopard gecko skeletons
  A leopard gecko zombie (D:9)
  A quokka skeleton (D:10)
  11 rats
  A bush (Lair:6)
  8 fungi
  6 plants
799 creatures vanquished.

Vanquished Creatures (others)
  A naga ritualist (Snake:2)
  A mana viper (Snake:2)
  A black mamba (Snake:2)
  A naga (Snake:1)
  2 orcs (Orc:1)
  4 fungi
  8 plants
18 creatures vanquished.

Grand Total: 817 creatures vanquished

Notes
Turn   | Place    | Note
-------+----------+-------------------------------------------
     0 | D:1      | kolansburg the Deep Dwarf Fighter began the quest for the Orb.
     0 | D:1      | Reached XP level 1. HP: 20/20 MP: 1/1
   367 | D:1      | Reached XP level 2. HP: 25/27 MP: 2/2
   865 | D:2      | Reached XP level 3. HP: 16/33 MP: 3/3
  1120 | D:2      | Noticed Terence
  1133 | D:2      | Killed Terence
  1133 | D:2      | Reached XP level 4. HP: 42/42 MP: 4/4
  1535 | D:3      | Noticed Robin
  1593 | D:3      | Killed Robin
  1767 | D:3      | Reached XP level 5. HP: 42/49 MP: 5/5
  2126 | D:3      | Found a runed door.
  2482 | D:4      | Found a glowing silver altar of Zin.
  2482 | D:4      | Found a sacrificial altar of Ru.
  2544 | D:4      | Reached XP level 6. HP: 21/57 MP: 6/6
  2599 | D:4      | Found a bloodstained altar of Trog.
  2749 | D:5      | Entered Level 5 of the Dungeon
  2757 | D:5      | Found Rimmuth's Antique Weapon Emporium.
  2760 | D:5      | Bought a slimy battleaxe for 184 gold pieces
  2765 | D:5      | Identified the cursed +1 battleaxe of Coghiann {chop, *Rage rElec Str+4 SInv} (You bought it in a shop on level 5 of the Dungeon)
  2808 | D:5      | Got a coiled copper ring
  2810 | D:5      | Identified the ring of Iffuvo {+Fly rC++ Str-5 Dex+2} (You found it on level 5 of the Dungeon)
  2887 | D:5      | Noticed Grinder
  2898 | D:5      | Killed Grinder
  2898 | D:5      | Reached skill level 5 in Armour
  2898 | D:5      | Reached skill level 5 in Shields
  2898 | D:5      | Reached XP level 7. HP: 35/64 MP: 6/6
  3190 | D:5      | Noticed Ijyb
  3203 | D:5      | Killed Ijyb
  3342 | D:5      | Found a staircase to the Ecumenical Temple.
  3355 | Temple   | Entered the Ecumenical Temple
  3374 | Temple   | Became a worshipper of Makhleb the Destroyer
  3525 | D:5      | Reached skill level 5 in Axes
  3711 | D:6      | Reached skill level 5 in Fighting
  3711 | D:6      | Reached XP level 8. HP: 48/74 MP: 7/7
  3780 | D:6      | Got an opalescent robe
  3811 | D:6      | Identified the +2 robe of Disguise {+Blink rF- rN+ Str+4} (You found it on level 6 of the Dungeon)
  3868 | D:6      | Noticed Eustachio
  3913 | D:6      | Killed Eustachio
  4255 | D:6      | Reached * piety under Makhleb
  4397 | D:6      | Noticed a gargoyle
  4604 | D:7      | Got a faintly glowing dagger
  4606 | D:7      | Identified the cursed +1 dagger "Hipnad" {freeze, MR+ Int+4 Stlth+} (You found it on level 7 of the Dungeon)
  4909 | D:8      | Gained mutation: You passively map the area around you. [Deep Dwarf growth]
  4909 | D:8      | Reached XP level 9. HP: 45/82 MP: 7/7
  5197 | D:8      | Found a shadowy altar of Dithmenos.
  5251 | D:8      | Reached ** piety under Makhleb
  5965 | D:9      | Found a staircase to the Orcish Mines.
  6004 | D:8      | HP: 3/86 [orc warrior/halberd (14)]
  6119 | D:8      | Reached XP level 10. HP: 37/94 MP: 7/7
  6352 | D:8      | Reached *** piety under Makhleb
  6715 | D:9      | Found a runed door.
  6747 | D:9      | Found an ancient bone altar of Kikubaaqudgha.
  6748 | D:9      | Found a deep blue altar of Sif Muna.
  6750 | D:9      | Found a radiant altar of Vehumet.
  6753 | D:9      | Identified Vehumet's Disquisition on Conjuration
  7216 | D:10     | Entered Level 10 of the Dungeon
  7467 | D:10     | Reached **** piety under Makhleb
  7468 | D:10     | Noticed an orange crystal statue
  7661 | D:10     | Noticed Maurice
  7694 | D:10     | Killed Maurice
  7712 | D:10     | Noticed an elephant
  7798 | D:10     | Found a staircase to the Lair.
  7832 | D:10     | Killed an elephant
  8210 | D:10     | Reached skill level 10 in Axes
  8246 | D:10     | Reached XP level 11. HP: 69/103 MP: 7/7
  8654 | D:11     | Reached skill level 10 in Armour
  8773 | D:11     | Reached skill level 10 in Shields
  8782 | D:12     | Found a flagged portal.
  8787 | D:12     | Noticed Fannar
  9001 | D:11     | Reached ***** piety under Makhleb
  9476 | D:12     | Killed Fannar
  9726 | D:12     | Found a portal to a secret trove of treasure.
 10214 | Lair:1   | Entered Level 1 of the Lair of Beasts
 10470 | Lair:1   | Reached XP level 12. HP: 97/115 MP: 8/8
 11237 | Lair:2   | Noticed a five-headed hydra
 11244 | Lair:2   | Killed a two-headed hydra
 11244 | Lair:2   | Reached skill level 10 in Fighting
 11598 | Lair:2   | Identified a scroll of acquirement
 12006 | Lair:3   | Found a staircase to the Snake Pit.
 12087 | Lair:3   | Noticed a six-headed hydra
 12095 | Lair:3   | Killed a two-headed hydra
 12484 | Lair:4   | Noticed a death yak
 12485 | Lair:4   | Noticed a death yak
 12485 | Lair:4   | Noticed a death yak
 12485 | Lair:4   | Noticed a death yak
 12486 | Lair:4   | Noticed a death yak
 12525 | Lair:4   | Killed a death yak
 12535 | Lair:4   | Killed a death yak
 12545 | Lair:4   | Killed a death yak
 12545 | Lair:4   | Reached XP level 13. HP: 123/124 MP: 9/9
 12608 | Lair:4   | Found a staircase to the Swamp.
 13153 | Lair:5   | Found a labyrinth entrance.
 13176 | Lab      | Entered a labyrinth
 13572 | Lab      | Noticed a minotaur
 13588 | Lab      | Killed a minotaur
 13599 | Lab      | Identified the Almanac of Combat Magic and Transformation
 13783 | Lair:5   | Reached ****** piety under Makhleb
 14529 | Lair:6   | Entered Level 6 of the Lair of Beasts
 14534 | Lair:6   | Found a sparkling altar of Nemelex Xobeh.
 14987 | Lair:6   | Noticed a dire elephant
 14987 | Lair:6   | Noticed a dire elephant
 14990 | Lair:6   | Noticed a dire elephant
 15113 | Lair:6   | Noticed a dire elephant
 15122 | Lair:6   | Noticed a dire elephant
 15140 | Lair:6   | Killed a dire elephant
 15143 | Lair:6   | Gained mutation: You resist negative energy. (rN+) [Deep Dwarf growth]
 15143 | Lair:6   | Reached XP level 14. HP: 88/135 MP: 10/10
 16206 | Orc:1    | Entered Level 1 of the Orcish Mines
 17009 | Orc:2    | Entered Level 2 of the Orcish Mines
 17009 | Orc:2    | Found a bloodstained altar of Trog.
 17009 | Orc:2    | Found a staircase to the Elven Halls.
 17370 | Orc:2    | Found a roughly hewn altar of Beogh.
 18423 | Orc:2    | Found Zojoawo's Food Emporium.
 18424 | Orc:2    | Found Daj Xevi's General Store.
 18433 | Orc:2    | Reached XP level 15. HP: 76/146 MP: 7/7
 18452 | Orc:2    | Found Ekyzijeuwi's General Store.
 18488 | Orc:2    | Found Vaim's Assorted Antiques.
 18501 | Orc:2    | Bought a scroll of teleportation for 42 gold pieces
 18501 | Orc:2    | Bought a +4 ring of strength for 378 gold pieces
 18507 | Orc:2    | Bought a potion of heal wounds for 60 gold pieces
 18507 | Orc:2    | Bought a potion of heal wounds for 60 gold pieces
 19559 | D:13     | Found a gate to the Vaults.
 19622 | D:13     | Reached skill level 15 in Axes
 19829 | D:14     | Reached skill level 15 in Shields
 19955 | D:14     | Found a sacrificial altar of Ru.
 20285 | D:13     | Reached skill level 15 in Armour
 20461 | D:15     | Entered Level 15 of the Dungeon
 20777 | D:14     | Got a slimy granite ring
 20789 | D:14     | Identified the ring of Xoecze {+Fly rN+ Stlth+} (You found it on level 14 of the Dungeon)
 21730 | D:15     | Found a staircase to the Depths.
 22082 | Snake:1  | Entered Level 1 of the Snake Pit
 22245 | Snake:1  | Found an opulent altar of Gozag.
 22573 | Snake:1  | Reached XP level 16. HP: 123/157 MP: 8/8
 22716 | Snake:1  | Noticed Rupert
 22727 | Snake:1  | Killed Rupert
 22738 | Snake:1  | Got a warped spear
 22739 | Snake:1  | Identified the cursed +3 spear "Beast's Foe" {protect, *Corrode rElec rPois Str-4} (You found it on level 1 of the Snake Pit)
 23415 | Snake:1  | Noticed Donald
 23533 | Snake:1  | Killed Donald
 23791 | Snake:2  | Found a sacrificial altar of Ru.
 24013 | Snake:2  | Noticed Nikola
 24271 | Snake:2  | Killed from afar by a shock serpent

Skill      XL: |  1  2  3  4  5  6  7  8  9 10 11 12 13 14 15 16 |
---------------+-------------------------------------------------+-----
Fighting       | 3 4 5 6 7 8 9 10 11 12 13 14 | 14.0
Axes           | 3 4 5 6 8 10 11 12 13 14 15 16 | 16.1
Armour         | 4 5 6 7 8 9 11 12 13 14 15 16 | 16.1
Shields        | 4 5 7 8 9 11 12 13 14 15 16 | 16.1

Action                   |  1- 3 |  4- 6 |  7- 9 | 10-12 | 13-15 | 16-18 || total
-------------------------+-------+-------+-------+-------+-------+-------++-------
Melee: War axe           |    99 |   163 |   492 |  1178 |  1742 |   305 ||  3979
       Battleaxe         |       |       |    20 |     5 |       |       ||    25
       Spear             |       |       |       |       |       |    25 ||    25
 Abil: Heal Wounds       |     1 |     1 |    12 |     3 |    10 |     6 ||    33
Evoke: Wand              |       |       |       |       |     3 |     2 ||     5
       Lightning rod     |       |       |       |       |       |     1 ||     1
  Use: Scroll            |     2 |     5 |    13 |    10 |     8 |     4 ||    42
       Potion            |     2 |     1 |     5 |     6 |    16 |     6 ||    36
  Eat: Chunk             |     1 |     6 |    11 |    21 |    24 |     5 ||    68
       Fruit             |       |       |       |     2 |     6 |     2 ||    10
       Meat ration       |       |       |       |       |     1 |       ||     1
Armor: Scale mail        |    47 |    64 |    72 |       |   550 |    66 ||   799
       Plate armour      |       |     3 |       |   489 |    27 |       ||   519
       Skin              |       |       |    46 |       |     8 |       ||    54
       Chain mail        |       |       |   112 |    70 |       |       ||   182
Dodge: Dodged            |    33 |    56 |   132 |   240 |   393 |    63 ||   917
Block: Shield            |    54 |    88 |   318 |   811 |   971 |   214 ||  2456
       Reflection        |       |       |       |       |       |     6 ||     6
